 Dungeon Crawl Stone Soup version 0.22-a0-617-g6d95e9e (webtiles) character file.

6017 sking99 the Carver (level 10, -2/77 HPs)
             Began as a White Draconian Warper on July 12, 2018.
             Was an Initiate of Wu Jian.
             Slain by an unseen horror (5 damage)
             ... on level 10 of the Dungeon.
             The game lasted 00:24:23 (12421 turns).

sking99 the Carver (White Draconian Warper)        Turns: 12421, Time: 00:24:23

Health: -2/77      AC:  9    Str: 13    XL:     10   Next: 56%
Magic:  0/13       EV: 11    Int: 17    God:    Wu Jian [......]
Gold:   54         SH: 10    Dex: 11    Spells: 5/13 levels left

rFire    + . .     SeeInvis .   G - +0 scimitar
rCold    + . .     Gourm    .   v - +0 shield
rNeg     . . .     Faith    .   (armour unavailable)
rPois    +         Spirit   +   (helmet restricted)
rElec    .         Reflect  .   L - +0 cloak of the Tundras {rPois MR+++ Int+3 Dex-3}
rCorr    .         Harm     .   (no gloves)
MR       +++..                  (no boots)
Stlth    +.........             z - amulet of guardian spirit
HPRegen  0.22/turn              C - +1 ring of protection
MPRegen  0.13/turn              x - ring of protection from fire

@: no status effects
A: breathe frost, unfitting armour, cold resistance 1, cold-blooded, AC +7
a: Breathe Frost, Renounce Religion


You were on level 10 of the Dungeon.
You worshipped Wu Jian.
Wu Jian was noncommittal.
You were very hungry.

You visited 2 branches of the dungeon, and saw 11 of its levels.

You collected 503 gold pieces.
You spent 449 gold pieces at shops.

Inventory:

Hand Weapons
 G - a +0 scimitar (weapon)
Missiles
 d - 5 tomahawks of dispersal (quivered)
 i - a throwing net
 j - 5 poisoned tomahawks
 A - 13 tomahawks
Armour
 v - a +0 shield (worn)
 L - the +0 cloak of the Tundras (worn) {rPois MR+++ Int+3 Dex-3}
   (You bought it in a shop on level 9 of the Dungeon)

   It affects your intelligence (+3).
   It affects your dexterity (-3).
   It protects you from poison.
   It affects your resistance to hostile enchantments.
Jewellery
 g - an uncursed ring of resist corrosion
 h - an uncursed ring of poison resistance
 q - a +3 ring of intelligence
 x - a ring of protection from fire (right hand)
 y - an uncursed ring of fire
 z - an amulet of guardian spirit (around neck)
 C - a +1 ring of protection (left hand)
 J - an uncursed amulet of rage {unknown}
Wands
 B - a wand of enslavement (5)
 E - a wand of polymorph (25)
 F - a wand of flame (27)
 H - a wand of digging (7)
Scrolls
 c - 3 scrolls of blinking
 m - a scroll of fog
 p - 6 scrolls of remove curse
 u - a scroll of enchant weapon
 w - 5 scrolls of immolation
 D - 3 scrolls of teleportation
 I - a scroll of amnesia
Potions
 a - 3 potions of might
 b - 3 potions of lignification
 e - a potion of degeneration {unknown}
 k - 2 potions of curing
 l - a potion of flight
 r - 2 potions of berserk rage {unknown}
 s - 2 potions of haste
 t - 3 potions of magic
 K - a potion of brilliance {unknown}
 N - a potion of invisibility {unknown}
Comestibles
 f - 8 rations


   Skills:
 - Level 3.5 Fighting
 * Level 10.1 Long Blades
 - Level 0.8 Throwing
 - Level 2.1 Dodging
 * Level 9.2 Shields
 - Level 2.0 Spellcasting
 * Level 8.7 Translocations


You had 5 spell levels left.
You knew the following spells:

 Your Spells              Type           Power        Failure   Level  Hunger
a - Blink                 Tloc           N/A          1%          2    ###....
b - Shroud of Golubria    Chrm/Tloc      ###.......   11%         2    ###....
c - Passage of Golubria   Tloc           N/A          12%         4    #####..

Your spell library contained the following spells:

 Spells                   Type           Power        Failure   Level  Hunger
 Lightning Bolt           Conj/Air       #.........   100%        5    ######.
 Teleport Other           Tloc           ####....     3%          3    ###....
 Shock                    Conj/Air       #...         38%         1    #......
 Swiftness                Chrm/Air       #.......     52%         2    ###....
 Airstrike                Air            #.........   99%         4    #####..
 Static Discharge         Conj/Air       #.......     77%         3    ###....
 Gell's Gravitas          Tloc           ####......   3%          3    ###....
 Lesser Beckoning         Tloc           ####......   3%          3    ###....


Dungeon Overview and Level Annotations

Branches:
Dungeon (10/15)            Temple (1/1) D:7            Lair (0/6) D:9
    Orc: D:9-12

Altars:
Ashenzari
Cheibriados
Dithmenos
Elyvilon
Fedhas
Gozag
Hepliaklqana
Kikubaaqudgha
Makhleb
Nemelex Xobeh
Okawaru
Qazlal
Ru
Sif Muna
Trog
Uskayaw
Vehumet
Wu Jian
Xom
Yredelemnul
Zin
The Shining One

Shops:
D:4 ![   D:7 !   D:9 [*[![

Annotations:
D:8 3 runed doors, Hebeh's ghost, journeyman DEFE


Innate Abilities, Weirdness & Mutations

You can breathe waves of freezing cold.
You can buffet flying creatures when you breathe cold.
Your icy white scales are hard. (AC +7)
You cannot fit into any form of body armour.
Your flesh is cold resistant. (rC+)
You are cold-blooded and may be slowed by cold attacks.


Message History

Something hits you but does no damage.
You closely miss something. Something hits you.
* * * LOW HITPOINT WARNING * * *
Something hits you.
* * * LOW HITPOINT WARNING * * *
You hit something but do no damage.
Something hits you but does no damage. x3
You feel better. You block something's attack.
Something hits you but does no damage. Something hits you.
* * * LOW HITPOINT WARNING * * *
You closely miss something. Something hits you but does no damage.
Something hits you.
* * * LOW HITPOINT WARNING * * *
You miss something. Something hits you.
* * * LOW HITPOINT WARNING * * *
Something hits you.
* * * LOW HITPOINT WARNING * * *
Something hits you!
* * * LOW HITPOINT WARNING * * *
Something hits you.
You die...

###.#########.# #.#
#.# #†# #.# #.# #<#
########.# #.#
.........### #.#
###........# #.#
######.#.#######.#####
#.#..@...........
##....######.#####
#...#.# #.# #.#...#
#.....# ##....# #....#
#....# #..[.#


There were no monsters in sight!

Vanquished Creatures
  Grinder (D:5)
  A hippogriff (D:9)
  A wyvern (D:8)
  A hungry ghost (D:8)
  A soldier ant (D:10)
  Duvessa (D:4)
  2 water moccasins
  3 porcupines (D:9)
  A black bear (D:9)
  2 ice beasts
  2 sky beasts
  An orc warrior (D:9)
  A phantom (D:7)
  9 ogres
  3 centaurs
  Blork the orc (D:6)
  6 bullfrogs
  Dowan (D:4)
  4 scorpions
  A water moccasin skeleton (D:6)
  3 jellies (D:9)
  10 killer bees
  9 wights
  2 howler monkeys
  2 bullfrog zombies
  A centaur zombie (D:5)
  A quasit (D:7)
  2 orc priests
  2 centaur skeletons
  8 hounds
  6 orc wizards
  Jessica (D:3)
  4 iguanas
  11 worker ants
  11 adders
  A shadow imp (D:8)
  3 adder skeletons
  4 worms
  4 dart slugs
  2 leopard geckos
  19 orcs
  3 giant cockroaches (D:3)
  11 goblins
  9 hobgoblins
  4 jackals (D:8)
  10 kobolds
  3 ball pythons
  12 bats
  4 frilled lizards
  2 gnoll zombies (D:6)
  A leopard gecko skeleton (D:5)
  8 rats
216 creatures vanquished.

Notes
Turn   | Place    | Note
-------+----------+-------------------------------------------
     0 | D:1      | sking99 the Draconian Warper began the quest for the Orb.
     0 | D:1      | Reached XP level 1. HP: 17/17 MP: 3/3
   319 | D:1      | Reached XP level 2. HP: 21/25 MP: 5/5
   603 | D:1      | Reached skill level 3 in Long Blades
   850 | D:1      | Reached XP level 3. HP: 24/30 MP: 6/6
   854 | D:1      | Learned a level 2 spell: Blink
   857 | D:1      | Learned a level 2 spell: Shroud of Golubria
  1781 | D:2      | Reached XP level 4. HP: 17/38 MP: 3/7
  2416 | D:3      | Reached skill level 4 in Long Blades
  3008 | D:3      | Noticed Jessica
  3023 | D:3      | Killed Jessica
  3023 | D:3      | Reached skill level 1 in Shields
  3023 | D:3      | Reached XP level 5. HP: 26/45 MP: 8/8
  3453 | D:3      | Found a snail-covered altar of Cheibriados.
  3455 | D:3      | Found a sparkling altar of Nemelex Xobeh.
  3526 | D:3      | You fall through a shaft for 2 floors!
  3526 | D:5      | Entered Level 5 of the Dungeon
  3606 | D:4      | Reached skill level 5 in Long Blades
  3693 | D:4      | Reached XP level 6. HP: 36/51 MP: 9/9
  3887 | D:3      | Found a glowing golden altar of the Shining One.
  3887 | D:3      | Found a white marble altar of Elyvilon.
  4780 | D:4      | Your scales start taking on an icy white colour.
  4780 | D:4      | Reached XP level 7. HP: 55/57 MP: 10/10
  4780 | D:4      | Gained mutation: Your flesh is cold resistant. (rC+) [White Draconian growth]
  4786 | D:4      | Found Locs's Distillery.
  4790 | D:4      | Reached skill level 6 in Long Blades
  4804 | D:4      | Bought a potion of might for 52 gold pieces
  4804 | D:4      | Bought a potion of lignification for 39 gold pieces
  4841 | D:4      | Noticed Duvessa
  4841 | D:4      | Noticed Dowan
  4867 | D:4      | Killed Duvessa
  4885 | D:4      | Killed Dowan
  5074 | D:4      | Found Ximewn's Armour Shop.
  5077 | D:4      | Bought a +0 cloak of poison resistance for 102 gold pieces
  5542 | D:4      | Reached skill level 5 in Shields
  5545 | D:4      | Reached XP level 8. HP: 41/63 MP: 9/11
  5574 | D:4      | Reached skill level 7 in Long Blades
  5885 | D:5      | Noticed Grinder
  5894 | D:5      | Paralysed by Grinder for 4 turns
  5913 | D:5      | Killed Grinder
  5913 | D:5      | Reached skill level 5 in Translocations
  6552 | D:6      | Noticed Blork the orc
  6568 | D:6      | Killed Blork the orc
  6568 | D:6      | Reached skill level 8 in Long Blades
  6568 | D:6      | Reached XP level 9. HP: 67/70 MP: 10/12
  6728 | D:6      | Found a radiant altar of Vehumet.
  7076 | D:6      | Found a basalt altar of Yredelemnul.
  8061 | D:8      | Reached skill level 9 in Long Blades
  8089 | D:8      | Found a runed gate.
  8089 | D:8      | Found a runed gate.
  8089 | D:8      | Found a runed gate.
  8089 | D:8      | Noticed Hebeh's ghost (journeyman DEFE)
  8518 | D:8      | Found an ancient bone altar of Kikubaaqudgha.
  8751 | D:8      | Reached XP level 10. HP: 77/77 MP: 10/13
  9575 | D:9      | Found a staircase to the Lair.
  9725 | D:9      | Found Ammeampi's Armour Emporium.
  9968 | D:9      | Learned a level 4 spell: Passage of Golubria
 10243 | D:9      | Found Hing's Assorted Antiques.
 10567 | D:9      | Found Iczuolun's Antique Armour Emporium.
 10573 | D:9      | Bought a brightly glowing cloak for 256 gold pieces
 10584 | D:9      | Identified the +0 cloak of the Tundras {rPois MR+++ Int+3 Dex-3} (You bought it in a shop on level 9 of the Dungeon)
 10654 | D:9      | Found Fyng's Antique Armour Boutique.
 10879 | D:9      | Found Bahej's Distillery.
 10965 | D:10     | Entered Level 10 of the Dungeon
 11651 | D:7      | Reached skill level 10 in Long Blades
 11856 | D:7      | Found a radiant altar of Vehumet.
 11867 | D:7      | Found Ebrighot's Distillery.
 12070 | D:7      | Found a staircase to the Ecumenical Temple.
 12088 | Temple   | Entered the Ecumenical Temple
 12178 | Temple   | Became a worshipper of the Wu Jian Council
 12395 | D:10     | HP: 2/77 [something (6)]
 12421 | D:10     | HP: 3/77 [something (6)]
 12421 | D:10     | Slain by an unseen horror

Vault maps used:
D:1:      dpeg_arrival_erosion, nrook_loot_triangle, item_on_display_a
D:3:      nicolae_overflow_hidden_temple, uniq_jessica
D:4:      serial_shops, nicolae_shop_behind_doors, shop, uniq_duvessa
D:5:      first_ration, uniq_grinder
D:6:      lemuel_zombie_altar_yredelemnul, basic_altar, uniq_blork_the_orc
D:7:      lemuel_temple_firewalk_b, serial_shops, shop, basic_altar
D:8:      lemuel_doored_altar, gammafunk_ghost_spectres
D:9:      grunt_lair_entry_orc_guard_hut, serial_shops, kennysheep_mini,
          nicolae_shop_statue_plus, kennysheep_little_box, shop_fountains,
          shop_fountains
D:10:     serial_shops, shop, shop, kennysheep_mini_moat, shop, shop,
          hangedman_fish_farm, lightli_elemental_guards
Temple:   lightli_temple_of_artemis

Skill      XL: |  1  2  3  4  5  6  7  8  9 10 |
---------------+-------------------------------+-----
Long Blades    | 3 4 5 6 8 9 10 | 10.1
Fighting       | 3 |  3.5
Shields        | 1 2 3 5 6 8 9 |  9.2
Translocations | 4 5 7 8 |  8.7
Throwing       | |  0.8
Dodging        | |  2.1
Spellcasting   | |  2.0

Action                   |  1- 3 |  4- 6 |  7- 9 | 10-12 || total
-------------------------+-------+-------+-------+-------++-------
Melee: Falchion          |   115 |   226 |   343 |       ||   684
       Tailslap          |    15 |    32 |    63 |    39 ||   149
       Scimitar          |       |       |   115 |   277 ||   392
 Cast: Shroud of Golubri |     4 |     4 |     9 |     2 ||    19
       Blink             |       |     1 |       |     2 ||     3
Invok: Lunge             |       |       |       |     2 ||     2
 Abil: Breathe Frost     |       |       |     9 |     6 ||    15
Evoke: Wand              |       |       |       |     2 ||     2
  Use: Scroll            |       |    10 |     1 |     2 ||    13
       Potion            |       |       |       |     5 ||     5
 Stab: Sleeping          |       |     1 |       |       ||     1
  Eat: Chunk             |     3 |     9 |    16 |     6 ||    34
       Ration            |       |       |     1 |     2 ||     3
Armor: Skin              |    36 |    55 |   132 |    88 ||   311
Dodge: Dodged            |    93 |   101 |   175 |   104 ||   473
Block: Shield            |       |    61 |   226 |   145 ||   432
       Rpst.: Falchion   |    34 |    40 |    39 |       ||   113
       Scimitar          |       |       |    18 |    22 ||    40

Table legend:
 A = Spawn XP
 B = Non-spawn XP
 C = Spawn XP percentage of total XP
 D = Spawn monster count
 E = Non-spawn monster count
 F = Spawn count percentage of total count
 G = Total turns spent on level
                    A         B        C        D         E        F      G
               +---------+---------+-------+---------+---------+-------+---------
         Total |       0 |    8596 |   0.0 |       0 |     216 |   0.0 | 12421
               +---------+---------+-------+---------+---------+-------+---------
           D:1 |       0 |      50 |   0.0 |       0 |      28 |   0.0 |  1196
           D:2 |       0 |      67 |   0.0 |       0 |      20 |   0.0 |  1198
           D:3 |       0 |     164 |   0.0 |       0 |      28 |   0.0 |  1489
           D:4 |       0 |    1480 |   0.0 |       0 |      36 |   0.0 |  1935
           D:5 |       0 |     578 |   0.0 |       0 |      14 |   0.0 |   814
           D:6 |       0 |    1363 |   0.0 |       0 |      24 |   0.0 |  1425
           D:7 |       0 |    1157 |   0.0 |       0 |      16 |   0.0 |   892
           D:8 |       0 |    1364 |   0.0 |       0 |      24 |   0.0 |  1206
           D:9 |       0 |    2095 |   0.0 |       0 |      23 |   0.0 |  2048
          D:10 |       0 |     278 |   0.0 |       0 |       3 |   0.0 |   110
               +---------+---------+-------+---------+---------+-------+---------
